 Dungeon Sprint DCSS version 0.22-a0-354-g30dfbe6 (webtiles) character file.

8 KristoblXynda the Chopper (level 2, 0/26 HPs)
             Began as a Minotaur Fighter on Apr 16, 2018.
             Was an Initiate of Qazlal.
             Slain by a tengu (shapeshifter) (3 damage)
             ... in the Dungeon (Sprint V: "Ziggurat Sprint").
             The game lasted 00:01:26 (83 turns).

KristoblXynda the Chopper (Minotaur Fighter)          Turns: 83, Time: 00:01:27

Health: 0/26       AC: 17    Str: 26    XL:     2   Next: 0%
Magic:  1/1        EV:  5    Int:  5    God:    Qazlal [......]
Gold:   0          SH: 14    Dex: 15    Spells: 1/1 levels left

rFire    . . .     SeeInvis .   E - +5 broad axe
rCold    . . .     Gourm    .   C - +3 shield
rNeg     . . .     Faith    .   B - +5 plate armour
rPois    .         Spirit   .   (helmet restricted)
rElec    .         Reflect  .   (no cloak)
rCorr    .         Harm     .   (no gloves)
MR       .....     NoTele   +   (no boots)
Stlth    ..........             (no amulet)
HPRegen  0.08/turn              D - +6 ring of strength
MPRegen  0.07/turn              z - +6 ring of dexterity

@: slowed, very slow
A: retaliatory headbutt, horns 2
a: Renounce Religion


You were in the Dungeon.
You worshipped Qazlal.
Qazlal was noncommittal.
You were not hungry.

You visited 1 branch

Inventory:

Hand Weapons
 E - a +5 broad axe (weapon)
 F - a +5 executioner's axe
Armour
 A - +5 gold dragon scales
 B - a +5 plate armour (worn)
 C - a +3 shield (worn)
Jewellery
 z - a +6 ring of dexterity (right hand)
 D - a +6 ring of strength (left hand)
Wands
 w - a wand of disintegration (7)
 x - a wand of iceblast (5)
 y - a wand of acid (7)
Scrolls
 k - 4 scrolls of blinking
 q - 4 scrolls of amnesia
 r - 7 scrolls of fog
 s - a scroll of holy word
 t - 5 scrolls of identify
 u - 5 scrolls of remove curse
 v - 2 scrolls of fear
Potions
 d - 6 potions of might
 e - 10 potions of curing
 g - 10 potions of heal wounds
 h - 6 potions of haste
 i - 7 potions of magic
 j - 3 potions of berserk rage
 l - 2 potions of brilliance
 m - 2 potions of invisibility
 n - 4 potions of resistance
 p - 5 potions of agility
Comestibles
 f - 7 rations


   Skills:
 - Level 3.6 Fighting
 * Level 6.7 Axes
 + Level 5.7 Armour
 + Level 5.7 Shields


You had one spell level left.
You didn't know any spells.

Dungeon Overview and Level Annotations

Branches:
Dungeon (1/1)

Altars:
Ashenzari
Cheibriados
Dithmenos
Elyvilon
Fedhas
Gozag
Hepliaklqana
Kikubaaqudgha
Makhleb
Nemelex Xobeh
Okawaru
Qazlal
Ru
Sif Muna
Trog
Uskayaw
Vehumet
Wu Jian
Xom
Yredelemnul
Zin
The Shining One
Beogh
Jiyva
Lugonu

Annotations:
D 1 transporter


Innate Abilities, Weirdness & Mutations

You reflexively headbutt those who attack you in melee.
You have a pair of horns on your head.


Message History

You closely miss the hornet.
The hornet stings you but does no damage.
The tengu hits you.
You block the tengu's attack. x2; The hornet stings you!
You suddenly lose the ability to move!
The tengu hits you. The tengu pecks you but does no damage.
The tengu claws you but does no damage.
The hornet stings you but does no damage.
The hornet stings you but does no damage.
The tengu hits you but does no damage. The tengu barely misses you. x2
You can move again.
Unknown command.
You feel more experienced!
Your Axes skill gained 4 levels and is now at level 6!
Your Armour skill gained 2 levels and is now at level 5!
Your Shields skill gained 2 levels and is now at level 5!
You have reached level 2!
The hornet stings you!
* * * LOW HITPOINT WARNING * * *
You feel yourself slow down. The tengu hits you but does no damage.
You block the tengu's attack. The tengu claws you.
You die...

▓▓▓▓▓▓▓
▓.8©8.▓
▓.....▓
▓.).:.▓
▓.....▓
▓.Qy..▓
▓..@..▓
▓▓▓▓▓▓▓


You could see a hornet and a tengu.

Vanquished Creatures (others)
  A spatial maelstrom (D)
1 creature vanquished.

Notes
Turn   | Place    | Note
-------+----------+-------------------------------------------
     0 | D        | Found the +6 Majin-Bo {vamp, Archmagi MP+6 Int+6}
     0 | D        | Found the +7 great mace "Firestarter" {inner flame, rF++}
     0 | D        | KristoblXynda the Minotaur Fighter began the quest for the Orb.
     0 | D        | Reached XP level 1. HP: 19/19 MP: 0/0
     0 | D        | Found a deep blue altar of Sif Muna.
     0 | D        | Found a sacrificial altar of Ru.
     0 | D        | Found a bloodstained altar of Trog.
     0 | D        | Found a stormy altar of Qazlal.
     0 | D        | Found an iron altar of Okawaru.
     0 | D        | Found a sparkling altar of Nemelex Xobeh.
     0 | D        | Found a blossoming altar of Fedhas.
     2 | D        | Found a transporter.
     2 | D        | Found an ancient bone altar of Kikubaaqudgha.
     2 | D        | Found a viscous altar of Jiyva.
     2 | D        | Found a corrupted altar of Lugonu.
     2 | D        | Found a hazy altar of Hepliaklqana.
     2 | D        | Found a burning altar of Makhleb.
     2 | D        | Found an opulent altar of Gozag.
     4 | D        | Banished a spatial maelstrom
    65 | D        | Became a worshipper of Qazlal Stormbringer
    78 | D        | Entered arena 2.
    78 | D        | Noticed a hornet
    78 | D        | Noticed a tengu
    78 | D        | Found a transporter.
    81 | D        | Paralysed by a hornet for 2 turns
    83 | D        | Reached skill level 6 in Axes
    83 | D        | Reached skill level 5 in Armour
    83 | D        | Reached skill level 5 in Shields
    83 | D        | Reached XP level 2. HP: 10/26 MP: 1/1
    83 | D        | Slain by a tengu (shapeshifter)

Vault maps used:
D:        sprint_v

Skill      XL: |  1 |
---------------+----+-----
Axes           | 6 |  6.7
Armour         | 5 |  5.7
Shields        | 5 |  5.7
Fighting       | |  3.6

Action                   || total
-------------------------++-------
Melee: Broad axe         ||     1
Evoke: Wand              ||     2
  Use: Potion            ||     1
Armor: Plate armour      ||     9
Dodge: Dodged            ||     2
Block: Shield            ||     6

Table legend:
 A = Spawn XP
 B = Non-spawn XP
 C = Spawn XP percentage of total XP
 D = Spawn monster count
 E = Non-spawn monster count
 F = Spawn count percentage of total count
 G = Total turns spent on level
                    A         B        C        D         E        F      G
               +---------+---------+-------+---------+---------+-------+---------
         Total |       0 |       0 |   N/A |       0 |       0 |   N/A |    83
               +---------+---------+-------+---------+---------+-------+---------
               +---------+---------+-------+---------+---------+-------+---------
